 Dungeon Crawl Stone Soup version 0.28.0 (webtiles) character file.

Game seed: 10105373871505489463

9839 Renzlar the Destroyer (level 11, 82/82 HPs)
             Began as a Gnoll Conjurer on Feb 14, 2022.
             Was a Priest of Vehumet.
             Quit the game on level 11 of the Dungeon on Feb 15, 2022.
             The game lasted 01:05:41 (11899 turns).

Renzlar the Destroyer (Gnoll Conjurer)             Turns: 11899, Time: 01:05:42

Health: 82/82      AC:  7    Str:  6    XL:     11   Next: 52%
Magic:  23/23      EV: 18    Int: 22    God:    Vehumet [***...]
Gold:   289        SH:  0    Dex: 11    Spells: 9/26 levels left

rFire   . . .      SeeInvis .   B - +3 great sword (elec)
rCold   . . .      Faith    .   (shield currently unavailable)
rNeg    + . .      Spirit   .   e - +1 robe {rN+}
rPois   .          Reflect  .   o - +0 helmet
rElec   .          Harm     .   (no cloak)
rCorr   .          Rampage  .   k - +0 pair of gloves
Will    .....                   H - +0 pair of boots {Fly}
Stlth   +++.......              t - amulet of magic regeneration
HPRegen 0.23/turn               z - +4 ring of evasion
MPRegen 0.58/turn               (no ring)

@: flying
A: fangs 1, strong nose, distributed training
a: Renounce Religion


You were on level 11 of the Dungeon.
You worshipped Vehumet.
Vehumet was most pleased with you.
You visited 2 branches of the dungeon, and saw 12 of its levels.

You collected 461 gold pieces.
You spent 172 gold pieces at shops.

Inventory:

Hand Weapons
 b - a +2 spectral dagger
 c - a +0 shortbow
 d - a +5 vorpal war axe
 p - a +2 short sword of flaming
 B - a +3 great sword of electrocution (weapon)
Missiles
 f - 249 stones
 j - 6 poisoned darts
 n - 130 arrows
 q - 63 sling bullets
 y - 2 curare-tipped darts (quivered)
 D - 81 bolts
 F - a throwing net
Armour
 a - a +0 robe
 e - a +1 robe of positive energy (worn)
 k - a +0 pair of gloves (worn)
 o - a +0 helmet (worn)
 H - a +0 pair of boots of flying (worn)
Jewellery
 g - a ring of protection from cold
 t - an amulet of magic regeneration (around neck)
 z - a +4 ring of evasion (left hand)
Wands
 s - a wand of paralysis (7)
 v - a wand of polymorph (12)
 x - a wand of flame (13)
 C - a wand of acid (6)
Scrolls
 h - 5 scrolls of teleportation
 l - a scroll of identify
 w - a scroll of amnesia
 G - 2 scrolls of fear
Potions
 i - 2 potions of haste
 r - 4 potions of magic
 u - 2 potions of heal wounds
 E - 2 potions of mutation


   Skills:
 + Level 6.3 Fighting
 + Level 6.3 Short Blades
 + Level 6.3 Long Blades
 + Level 6.3 Axes
 + Level 6.3 Maces & Flails
 + Level 6.3 Polearms
 + Level 6.3 Staves
 + Level 6.3 Slings
 + Level 6.3 Bows
 + Level 6.3 Crossbows
 + Level 6.3 Throwing
 + Level 6.3 Armour
 + Level 7.9 Dodging
 + Level 7.7 Stealth
 + Level 6.3 Shields
 + Level 6.3 Unarmed Combat
 + Level 8.2 Spellcasting
 + Level 9.0 Conjurations
 + Level 5.3 Hexes
 + Level 5.3 Summonings
 + Level 5.3 Necromancy
 + Level 5.3 Translocations
 + Level 5.3 Transmutations
 + Level 5.3 Fire Magic
 + Level 5.3 Ice Magic
 + Level 5.3 Air Magic
 + Level 5.3 Earth Magic
 + Level 5.3 Poison Magic
 + Level 7.0 Invocations
 + Level 6.3 Evocations


You had 9 spell levels left.
You knew the following spells:

 Your Spells              Type           Power      Damage    Failure   Level
a - Magic Dart            Conj           100%       1d8       1%          1
b - Searing Ray           Conj           96%        2d7       1%          2
c - Iskenderun's Mystic   Conj/Tloc      40%        2d9       1%          4
d - Sticky Flame          Conj/Fire      40%        2d6       1%          4
e - Flame Wave            Conj/Fire      40%        2d9       1%          4
f - Scorch                Fire           64%        2d8       1%          2

Your spell library contained the following spells:

 Spells                   Type           Power      Damage    Failure   Level
 Mephitic Cloud           Conj/Pois/Air  37%        N/A       1%          3
 Foxfire                  Conj/Fire      100%       2x1d9     1%          1
 Sublimation of Blood     Necr           32%        N/A       1%          2
 Wereblood                Tmut           32%        N/A       1%          2
 Conjure Flame            Conj/Fire      40%        6-21      1%          3
 Dazzling Flash           Conj/Hex       80%        N/A       1%          3
 Ignite Poison            Fire/Tmut/Pois 32%        N/A       1%          3
 Inner Flame              Hex/Fire       32%        N/A       1%          3
 Fulminant Prism          Conj/Hex       20%        3d13      1%          4
 Summon Hydra             Summ           16%        N/A       100%        7


Dungeon Overview and Level Annotations

Branches:
Dungeon (11/15)            Temple (1/1) D:5            Lair (0/6) D:9
    Orc (0/2) D:11

Altars:
Ashenzari
Cheibriados
Dithmenos
Elyvilon
Fedhas
Gozag
Hepliaklqana
Makhleb
Nemelex Xobeh
Okawaru
Qazlal
Ru
Sif Muna
Trog
Uskayaw
Vehumet
Wu Jian
Xom
Yredelemnul
Zin
The Shining One

Shops:
D:9 [(=

Annotations:
D:5 4 runed translucent doors
D:7 2 runed translucent doors


Innate Abilities, Weirdness & Mutations

You have very sharp teeth.
Your uncanny sense of smell can sniff out nearby items.
Your experience applies equally to all skills.


Message History

You kill the orc wizard!
Vehumet accepts your kill.
You feel your power returning.
Reactivating autopickup.
The orc hits you but does no damage.
You closely miss the orc.
The orc is heavily wounded.
The orc misses you.
You hit the orc but do no damage. You bite the orc, but do no damage.
The orc is heavily wounded.
The orc misses you.
You slash the orc! Lightning courses through the orc!
You kill the orc!
Vehumet accepts your kill.
Vehumet is now aiding your destructive spells.
Your +3 great sword of electrocution stops crackling.
c - a +0 shortbow (weapon)
Items here: ))) [[[ ††.
Things that are here:
a +0 flail; an orc corpse
n - 126 arrows (gained 1)
n - 127 arrows (gained 1)
Things that are here:
a +0 hand axe; an orc corpse
n - 128 arrows (gained 1)
n - 130 arrows (gained 2)
You now have 289 gold pieces (gained 5).
Done exploring.
(D) Dungeon (T) Temple (L) Lair
Where to? (Enter - D:10, ? - help)
There is a stone staircase leading down here.
You fly downwards.
Found 22 gold pieces.
Found a staircase to the Orcish Mines.
There is a stone staircase leading up here.
There are monsters nearby!
Are you sure you want to abandon this character and quit the game? (Confirm with "yes".)
Okay, then.
You hear the crackle of electricity.
B - a +3 great sword of electrocution (weapon)
Are you sure you want to abandon this character and quit the game? (Confirm with "yes".) ###ZZ.ZZZ

#.#......
#.#......
#........ ##.
#...Z.WZZ ....#
#..8Z.o>Z
......#...Z.WZZ
#...@....c..
######$.....
.....


.ZZZ $8. .. # You could see a phantom (dormant), a shadow, a centaur (asleep),
an orc priest (asleep), 2 goblin zombies, a hobgoblin zombie (dormant), 4 orc
zombies, 3 ogre zombies, a troll zombie (dormant), a goblin skeleton, a
hobgoblin skeleton (dormant) and 3 orc skeletons.

Vanquished Creatures
  Harold (D:7)
  A two-headed ogre (D:8)
  Pikel (D:9)
  Joseph (D:9)
  An unseen horror (D:10)
  2 trolls
  Eustachio (D:6)
  8 yaks
  A wyvern (D:10)
  A steam dragon (D:7)
  A water moccasin (D:6)
  5 orc warriors
  2 ice beasts
  A sky beast (D:6)
  3 necrophages (D:5)
  6 black bears
  2 ogres
  3 centaurs
  3 boggarts (D:9)
  2 phantoms
  A lemure (D:9)
  3 kobold brigands
  Blork the orc (D:6)
  7 bullfrogs
  A water moccasin zombie (D:7)
  2 scorpions
  A water moccasin skeleton (D:5)
  9 wights
  A howler monkey (D:5)
  4 centaur zombies
  2 bullfrog zombies
  5 bullfrog skeletons
  3 hounds
  3 centaur skeletons
  3 orc priests
  A gnoll shaman (D:10)
  A jelly (D:5)
  3 iguanas (D:5)
  A scorpion zombie (D:5)
  7 orc wizards
  A killer bee zombie (D:7)
  2 hound skeletons
  7 gnolls
  9 adders
  A shadow imp (D:8)
  A white imp (D:5)
  An ufetubus (D:5)
  2 worms (D:2)
  A dart slug (D:5)
  28 orcs
  4 bats
  7 endoplasms
  2 giant cockroaches (D:3)
  12 goblins
  9 hobgoblins
  8 jackals
  A quokka (D:1)
  7 ball pythons
  8 frilled lizards (D:1)
  18 kobolds
  3 rats
237 creatures vanquished.

Vanquished Creatures (others)
  14 fungi (D:9)
  19 plants
33 creatures vanquished.

Grand Total: 270 creatures vanquished

Notes
Turn   | Place    | Note
-------+----------+-------------------------------------------
     0 | D:1      | Renzlar the Gnoll Conjurer began the quest for the Orb.
     0 | D:1      | Reached XP level 1. HP: 13/13 MP: 6/6
   120 | D:1      | Reached XP level 2. HP: 14/19 MP: 2/7
   278 | D:1      | Learned a level 2 spell: Searing Ray
   414 | D:1      | Found a faded altar of an unknown god.
   736 | D:1      | Reached XP level 3. HP: 21/25 MP: 7/9
   745 | D:1      | Reached skill level 5 in Spellcasting
   916 | D:1      | Reached skill level 1 in Invocations
  1164 | D:2      | Reached skill level 1 in Fighting
  1164 | D:2      | Reached skill level 1 in Short Blades
  1164 | D:2      | Reached skill level 1 in Long Blades
  1164 | D:2      | Reached skill level 1 in Axes
  1164 | D:2      | Reached skill level 1 in Maces & Flails
  1164 | D:2      | Reached skill level 1 in Polearms
  1164 | D:2      | Reached skill level 1 in Staves
  1164 | D:2      | Reached skill level 1 in Slings
  1164 | D:2      | Reached skill level 1 in Bows
  1164 | D:2      | Reached skill level 1 in Crossbows
  1164 | D:2      | Reached skill level 1 in Throwing
  1164 | D:2      | Reached skill level 1 in Armour
  1164 | D:2      | Reached skill level 1 in Shields
  1164 | D:2      | Reached skill level 1 in Unarmed Combat
  1164 | D:2      | Reached skill level 1 in Evocations
  1205 | D:2      | Reached XP level 4. HP: 32/32 MP: 3/11
  1380 | D:2      | Reached skill level 1 in Hexes
  1380 | D:2      | Reached skill level 1 in Summonings
  1380 | D:2      | Reached skill level 1 in Necromancy
  1380 | D:2      | Reached skill level 1 in Translocations
  1380 | D:2      | Reached skill level 1 in Transmutations
  1380 | D:2      | Reached skill level 1 in Fire Magic
  1380 | D:2      | Reached skill level 1 in Ice Magic
  1380 | D:2      | Reached skill level 1 in Air Magic
  1380 | D:2      | Reached skill level 1 in Earth Magic
  1380 | D:2      | Reached skill level 1 in Poison Magic
  1906 | D:3      | Reached XP level 5. HP: 25/37 MP: 8/12
  2659 | D:4      | Noticed a black bear
  2670 | D:4      | Killed a black bear
  2671 | D:4      | Reached XP level 6. HP: 28/44 MP: 4/13
  2794 | D:4      | Reached skill level 5 in Dodging
  2889 | D:4      | Learned a level 4 spell: Iskenderun's Mystic Blast
  3248 | D:4      | Reached XP level 7. HP: 50/50 MP: 10/15
  3933 | D:5      | Entered Level 5 of the Dungeon
  4127 | D:5      | Learned a level 4 spell: Sticky Flame
  4338 | D:5      | Reached skill level 5 in Stealth
  4421 | D:5      | Reached XP level 8. HP: 55/57 MP: 5/16
  4581 | D:5      | Found a large runed translucent door.
  4584 | D:5      | Found a large runed translucent door.
  4682 | D:5      | Noticed a yak
  4694 | D:5      | HP: 1/58 [yak (14)]
  4695 | D:5      | Killed a yak
  5041 | D:5      | Found a large runed translucent door.
  5041 | D:5      | Found a large runed translucent door.
  5318 | D:5      | Found a staircase to the Ecumenical Temple.
  5334 | Temple   | Entered the Ecumenical Temple
  5373 | Temple   | Became a worshipper of Vehumet
  5600 | D:5      | Reached XP level 9. HP: 65/65 MP: 15/18
  5780 | D:6      | Noticed a troll
  5790 | D:6      | Killed a troll
  6020 | D:6      | Noticed Blork the orc
  6029 | D:6      | Killed Blork the orc
  6128 | D:6      | Noticed Eustachio
  6139 | D:6      | Reached skill level 8 in Conjurations
  6175 | D:6      | Killed Eustachio
  6902 | D:7      | Reached skill level 5 in Invocations
  7154 | D:7      | Reached XP level 10. HP: 63/73 MP: 17/20
  7317 | D:7      | Learned a level 4 spell: Flame Wave
  7361 | D:7      | Noticed Harold
  7381 | D:7      | Killed Harold
  7382 | D:7      | Reached skill level 5 in Fighting
  7382 | D:7      | Reached skill level 5 in Short Blades
  7382 | D:7      | Reached skill level 5 in Long Blades
  7382 | D:7      | Reached skill level 5 in Axes
  7382 | D:7      | Reached skill level 5 in Maces & Flails
  7382 | D:7      | Reached skill level 5 in Polearms
  7382 | D:7      | Reached skill level 5 in Staves
  7382 | D:7      | Reached skill level 5 in Slings
  7382 | D:7      | Reached skill level 5 in Bows
  7382 | D:7      | Reached skill level 5 in Crossbows
  7382 | D:7      | Reached skill level 5 in Throwing
  7382 | D:7      | Reached skill level 5 in Armour
  7382 | D:7      | Reached skill level 5 in Shields
  7382 | D:7      | Reached skill level 5 in Unarmed Combat
  7382 | D:7      | Reached skill level 5 in Evocations
  7384 | D:7      | Reached * piety under Vehumet
  7384 | D:7      | Offered knowledge of Shock by Vehumet.
  7741 | D:7      | Found a runed translucent door.
  7743 | D:7      | Found a runed translucent door.
  8104 | D:8      | Found a basalt altar of Yredelemnul.
  8142 | D:8      | Found a hide-covered altar of Uskayaw.
  8187 | D:8      | Noticed a two-headed ogre
  8198 | D:8      | Killed a two-headed ogre
  8721 | D:8      | Found a sacrificial altar of Ru.
  8799 | D:8      | Offered knowledge of Scorch by Vehumet.
  8804 | D:8      | Learned a level 2 spell: Scorch
  8804 | D:8      | Reached ** piety under Vehumet
  9352 | D:9      | Found Xithram's Weapon Shoppe.
  9425 | D:9      | Found a stormy altar of Qazlal.
  9509 | D:9      | Reached XP level 11. HP: 70/81 MP: 22/22
  9597 | D:9      | Found a blossoming altar of Fedhas.
  9598 | D:9      | Found an opulent altar of Gozag.
  9622 | D:9      | Found Kaurraff's Jewellery Shoppe.
  9766 | D:9      | Reached skill level 5 in Hexes
  9766 | D:9      | Reached skill level 5 in Summonings
  9766 | D:9      | Reached skill level 5 in Necromancy
  9766 | D:9      | Reached skill level 5 in Translocations
  9766 | D:9      | Reached skill level 5 in Transmutations
  9766 | D:9      | Reached skill level 5 in Fire Magic
  9766 | D:9      | Reached skill level 5 in Ice Magic
  9766 | D:9      | Reached skill level 5 in Air Magic
  9766 | D:9      | Reached skill level 5 in Earth Magic
  9766 | D:9      | Reached skill level 5 in Poison Magic
  9889 | D:9      | Noticed Joseph
  9906 | D:9      | Killed Joseph
 10196 | D:9      | Found a staircase to the Lair.
 10388 | D:9      | Found Arphojecwi's Armour Emporium.
 10396 | D:9      | Bought a +0 pair of boots of flying for 172 gold pieces
 10440 | D:9      | Noticed Pikel
 10460 | D:9      | Killed Pikel
 10587 | D:9      | Found a glowing silver altar of Zin.
 10587 | D:9      | Found an ornate altar of the Wu Jian Council.
 10595 | D:9      | Found a white marble altar of Elyvilon.
 10597 | D:9      | Found a shimmering blue altar of Sif Muna.
 10599 | D:9      | Found a faded altar of an unknown god.
 10632 | D:10     | Entered Level 10 of the Dungeon
 10919 | D:10     | Offered knowledge of Mephitic Cloud by Vehumet.
 11447 | D:10     | Reached skill level 9 in Conjurations
 11749 | D:10     | Reached *** piety under Vehumet
 11897 | D:11     | Found a staircase to the Orcish Mines.
 11899 | D:11     | Quit the game

Illustrated notes

Levels and vault maps discovered:
D:1:      psy_arrival_radial01, layout_rooms, serial_forest,
          infiniplex_forest_zigzag_1, infiniplex_forest_clump_double,
          infiniplex_forest_corner_1, infiniplex_forest_straight_1,
          infiniplex_forest_end_3, infiniplex_forest_straight_3,
          hellmonk_ecumenical_altar_leap_of_faith, minmay_lizard_pond
D:2:      layout_rooms
D:3:      layout_basic, serial_bayou_ford_a
D:4:      layout_gridville
D:5:      kb_forest_paths, layout_basic, minmay_temple_entry_junction,
          chequers_serial_rivers_small_3, minmay_hollow_rounded_squares
D:6:      layout_loops_ring, minivault_26, chequers_serial_rivers_large_b,
          uniq_blork_the_orc, uniq_eustachio
D:7:      lemuel_insect_pit, layout_rooms, uniq_harold
D:8:      layout_loops_ring, mainiacjoe_overflow_paths,
          mainiacjoe_overflow_boulevard, nicolae_uskayaw_dance_hall
D:9:      layout_loops_ring, grunt_temple_overflow_open,
          mainiacjoe_overflow_alcove_1, chequers_temple_overflow_minitemple,
          grunt_lair_entry_orc_guard_hut, serial_shops,
          nicolae_shop_advertising_works [nicolae_subvault_shop_adworks], shop,
          kennysheep_little_box, hangedman_abyss_or_decor_lesser_grid,
          nrook_campfire, uniq_pikel, uniq_joseph
D:10:     layout_long_grid
D:11:     minmay_goldmine, layout_basic, zombieorc2_lemuel, uniq_nergalle
Temple:   nicolae_temple_x_marks_the_god

Skill      XL: |  1  2  3  4  5  6  7  8  9 10 11 |
---------------+----------------------------------+-----
Spellcasting   | 5 6 7 8 |  8.2
Invocations    | 1 2 3 4 5 6 7 |  7.0
Fighting       | 1 2 3 4 5 6 |  6.3
Short Blades   | 1 2 3 4 5 6 |  6.3
Long Blades    | 1 2 3 4 5 6 |  6.3
Axes           | 1 2 3 4 5 6 |  6.3
Maces & Flails | 1 2 3 4 5 6 |  6.3
Polearms       | 1 2 3 4 5 6 |  6.3
Staves         | 1 2 3 4 5 6 |  6.3
Slings         | 1 2 3 4 5 6 |  6.3
Bows           | 1 2 3 4 5 6 |  6.3
Crossbows      | 1 2 3 4 5 6 |  6.3
Throwing       | 1 2 3 4 5 6 |  6.3
Armour         | 1 2 3 4 5 6 |  6.3
Shields        | 1 2 3 4 5 6 |  6.3
Unarmed Combat | 1 2 3 4 5 6 |  6.3
Evocations     | 1 2 3 4 5 6 |  6.3
Hexes          | 1 2 3 4 5 |  5.3
Summonings     | 1 2 3 4 5 |  5.3
Necromancy     | 1 2 3 4 5 |  5.3
Translocations | 1 2 3 4 5 |  5.3
Transmutations | 1 2 3 4 5 |  5.3
Fire Magic     | 1 2 3 4 5 |  5.3
Ice Magic      | 1 2 3 4 5 |  5.3
Air Magic      | 1 2 3 4 5 |  5.3
Earth Magic    | 1 2 3 4 5 |  5.3
Poison Magic   | 1 2 3 4 5 |  5.3
Dodging        | 5 6 7 |  7.9
Stealth        | 5 6 7 |  7.7
Conjurations   | 8 9 |  9.0

Action                   |  1- 3 |  4- 6 |  7- 9 | 10-12 || total
-------------------------+-------+-------+-------+-------++-------
Melee: Club              |     9 |       |       |       ||     9
       Dagger            |    33 |    18 |   138 |    18 ||   207
       Bite              |     2 |     2 |    23 |    11 ||    38
       Punch             |       |       |     1 |     2 ||     3
       Great sword       |       |       |       |    73 ||    73
       War axe           |       |       |       |    18 ||    18
 Fire: Hunting sling     |       |       |     3 |       ||     3
       Shortbow          |       |       |       |   171 ||   171
Throw: Dart              |       |       |       |     2 ||     2
 Cast: Magic Dart        |    40 |    67 |    66 |       ||   173
       Searing Ray       |     5 |     9 |     5 |       ||    19
       Sticky Flame      |       |       |    24 |    44 ||    68
       Scorch            |       |       |       |    41 ||    41
       Flame Wave        |       |       |       |     8 ||     8
  Use: Scroll            |     7 |     2 |     7 |     8 ||    24
       Potion            |       |       |       |     6 ||     6
 Stab: Sleeping          |     1 |     2 |    11 |       ||    14
       Distracted        |       |       |     2 |     2 ||     4
Armor: Robe              |     6 |     3 |    33 |    30 ||    72
       Skin              |       |       |    51 |    13 ||    64
Dodge: Dodged            |    26 |    14 |    96 |   135 ||   271
